NCAA
VANDERBILT COMMODORES @ MISSISSIPPI STATE BULLDOGS
04/24/2025
 
TOP OF THE 1ST
Vanderbilt Commodores batting - Pitching for Mississippi State Bulldogs : RHP Patrick Curtis
Pitching: RHP Patrick Curtis
Batting: LHB Robbie Turner 0-0: Ball
1-0: Fly out, F1 (Line Drive, 13)
Batting: RHB Robert Warner 0-0: Hit by Pitch
Batting: RHB Josh Webb 0-0: Ball
1-0: Ball
2-0: Foul Ball, location: 2F
2-1: Called Strike
2-2: Strikes out swinging
Batting: LHB Micah Brantley 0-0: Called Strike
0-1: Called Strike
0-2: Ball
1-2: Ball
Robert Warner is caught stealing 2nd base
Top of the 1st over - 0 run(s), 0 hit(s), 0 error(s), 0 left on base; Vanderbilt 0 - Mississippi State 0
BOTTOM OF THE 1ST
Mississippi State Bulldogs batting - Pitching for Vanderbilt Commodores : LHP Donald Joseph
Pitching: LHP Donald Joseph
Batting: LHB Marvin Nichols 0-0: Called Strike
0-1: Called Strike
0-2: Ball
1-2: Ball
2-2: Ball
3-2: Base on Balls
Batting: RHB Manuel Martínez 0-0: Called Strike
0-1: Ball
1-1: Called Strike
1-2: Ball
2-2: Grounds into double play, 4-6-3 (Groundball, 34)
Batting: RHB Johnny Williams 0-0: Ball
1-0: Swinging Strike
1-1: Ball
2-1: Ball
3-1: Base on Balls
Batting: RHB Eric Thompson 0-0: Called Strike
0-1: Foul Ball, location: 2F
0-2: Ball
1-2: Fly out, F7 (Flyball, 7M)
Bottom of the 1st over - 0 run(s), 0 hit(s), 0 error(s), 1 left on base; Vanderbilt 0 - Mississippi State 0
TOP OF THE 2ND
Vanderbilt Commodores batting - Pitching for Mississippi State Bulldogs : RHP Patrick Curtis
Batting: LHB Micah Brantley 0-0: SOLO HOME RUN (Flyball, 7D), Distance : 355 ft
Batting: RHB Erik Carter 0-0: Ball
1-0: Ground out 6-3 (Groundball, 6)
Batting: RHB Christian Bauer 0-0: Ball
1-0: Called Strike
1-1: Ground out 5-3 (Groundball, 56)
Batting: RHB Steve Cook 0-0: Foul Ball, location: 2F
0-1: Ball
1-1: Ball
2-1: SINGLE (Groundball, 13S) (infield hit)
Batting: RHB Dalton Norman 0-0: SINGLE (Groundball, 56S)
Steve Cook to second
Batting: RHB Jason Patrick 0-0: Foul Ball, location: 2F
0-1: Ball
1-1: Ground out 4-3 (Groundball, 4)
Top of the 2nd over - 1 run(s), 3 hit(s), 0 error(s), 2 left on base; Vanderbilt 1 - Mississippi State 0
BOTTOM OF THE 2ND
Mississippi State Bulldogs batting - Pitching for Vanderbilt Commodores : LHP Donald Joseph
Batting: RHB Larry Beauregard 0-0: Ball
1-0: Called Strike
1-1: Foul Ball, location: 2F
1-2: Strikes out swinging
Batting: RHB Cole Quintsey 0-0: Called Strike
0-1: Ball
1-1: Called Strike
1-2: Ball
2-2: Ball
3-2: Base on Balls
Batting: RHB Jeremy Davis 0-0: Ball
1-0: Ball
2-0: Called Strike
2-1: Called Strike
2-2: Fly out, F6 (Popup, 56D)
Batting: RHB Woody Wright 0-0: Ball
1-0: Ground out 3-1 (Groundball, 34)
Bottom of the 2nd over - 0 run(s), 0 hit(s), 0 error(s), 1 left on base; Vanderbilt 1 - Mississippi State 0
TOP OF THE 3RD
Vanderbilt Commodores batting - Pitching for Mississippi State Bulldogs : RHP Patrick Curtis
Batting: LHB Robbie Turner 0-0: Ball
1-0: Ground out 4-3 (Groundball, 4)
Batting: RHB Robert Warner 0-0: Ball
1-0: Ball
2-0: Foul Ball, location: 2F
2-1: Hit by Pitch
Batting: RHB Josh Webb 0-0: Called Strike
0-1: Ball
1-1: Ball
2-1: Foul Ball, location: 2F
2-2: Ball
3-2: Base on Balls
Robert Warner to second
Batting: LHB Micah Brantley 0-0: Called Strike
0-1: Swinging Strike
0-2: Ball
1-2: Ball
2-2: Strikes out swinging
Batting: RHB Erik Carter 0-0: Ball
1-0: Ball
2-0: Ball
3-0: Called Strike
3-1: Base on Balls
Robert Warner to third
Josh Webb to second
Batting: RHB Christian Bauer 0-0: Foul Ball, location: 2F
0-1: Swinging Strike
0-2: Foul Ball, location: 2F
0-2: Ball
1-2: Strikes out swinging
Top of the 3rd over - 0 run(s), 0 hit(s), 0 error(s), 3 left on base; Vanderbilt 1 - Mississippi State 0
BOTTOM OF THE 3RD
Mississippi State Bulldogs batting - Pitching for Vanderbilt Commodores : LHP Donald Joseph
Batting: SHB Alex Stewart 0-0: Ball
1-0: Ball
2-0: Called Strike
2-1: Foul Ball, location: 2F
2-2: Ball
3-2: Fly out, F7 (Flyball, 78M)
Batting: LHB Marvin Nichols 0-0: Fly out, F2 (Popup, 2LF)
Batting: RHB Manuel Martínez 0-0: Swinging Strike
0-1: Swinging Strike
0-2: Ball
1-2: Strikes out swinging
Bottom of the 3rd over - 0 run(s), 0 hit(s), 0 error(s), 0 left on base; Vanderbilt 1 - Mississippi State 0
TOP OF THE 4TH
Vanderbilt Commodores batting - Pitching for Mississippi State Bulldogs : RHP Patrick Curtis
Batting: RHB Steve Cook 0-0: Ball
1-0: Called Strike
1-1: Ball
2-1: Fly out, F3 (Popup, 3F)
Batting: RHB Dalton Norman 0-0: Ball
1-0: Ball
2-0: Called Strike
2-1: Swinging Strike
2-2: Strikes out looking
Batting: RHB Jason Patrick 0-0: SOLO HOME RUN (Flyball, 7D), Distance : 357 ft
Pitching: LHP Felipe Villarreal
Batting: LHB Robbie Turner 0-0: Called Strike
0-1: Called Strike
0-2: Strikes out swinging
Top of the 4th over - 1 run(s), 1 hit(s), 0 error(s), 0 left on base; Vanderbilt 2 - Mississippi State 0
BOTTOM OF THE 4TH
Mississippi State Bulldogs batting - Pitching for Vanderbilt Commodores : LHP Donald Joseph
Batting: RHB Johnny Williams 0-0: Ball
1-0: Foul Ball, location: 2F
1-1: Ball
2-1: Called Strike
2-2: Ball
3-2: Base on Balls
Batting: RHB Eric Thompson 0-0: Ball
1-0: Ball
2-0: Ball
3-0: Base on Balls
Johnny Williams to second
Batting: RHB Larry Beauregard 0-0: Ball
1-0: Called Strike
1-1: Swinging Strike
1-2: Ball
2-2: Strikes out swinging
Batting: RHB Cole Quintsey 0-0: Ball
1-0: Ball
2-0: Called Strike
2-1: Ball
3-1: Foul Ball, location: 2F
3-2: Base on Balls
Johnny Williams to third
Eric Thompson to second
Batting: RHB Jeremy Davis 0-0: Ball
1-0: Ball
2-0: Ball
3-0: Called Strike
3-1: Fly out, F6 (Popup, 56D)
Batting: RHB Woody Wright 0-0: Ball
1-0: Fly out, F9 (Flyball, 9LS)
Bottom of the 4th over - 0 run(s), 0 hit(s), 0 error(s), 3 left on base; Vanderbilt 2 - Mississippi State 0
TOP OF THE 5TH
Vanderbilt Commodores batting - Pitching for Mississippi State Bulldogs : LHP Felipe Villarreal
Batting: RHB Robert Warner 0-0: Ball
1-0: SINGLE (Line Drive, 56D)
Batting: RHB Josh Webb 0-0: SINGLE (Groundball, 6MD)
Robert Warner to second
Batting: LHB Micah Brantley 0-0: Foul Ball, location: 2F
0-1: Called Strike
0-2: Strikes out looking
Batting: RHB Erik Carter 0-0: Ball
1-0: Foul Ball, location: 2F
1-1: Ball
2-1: Foul Ball, location: 2F
2-2: Foul Ball, location: 2F
2-2: Foul Ball, location: 2F
2-2: Strikes out swinging
Batting: RHB Christian Bauer 0-0: Foul Ball, location: 2F
0-1: Ground out 6-3 (Groundball, 6)
Top of the 5th over - 0 run(s), 2 hit(s), 0 error(s), 2 left on base; Vanderbilt 2 - Mississippi State 0
BOTTOM OF THE 5TH
Mississippi State Bulldogs batting - Pitching for Vanderbilt Commodores : LHP Donald Joseph
Batting: SHB Alex Stewart 0-0: Ball
1-0: Ball
2-0: Called Strike
2-1: Called Strike
2-2: Ball
3-2: Strikes out swinging
Batting: LHB Marvin Nichols 0-0: Called Strike
0-1: Called Strike
0-2: Strikes out swinging
Batting: RHB Manuel Martínez 0-0: Called Strike
0-1: Ball
1-1: Foul Ball, location: 2F
1-2: Ball
2-2: Fly out, F9 (Flyball, 89M)
Bottom of the 5th over - 0 run(s), 0 hit(s), 0 error(s), 0 left on base; Vanderbilt 2 - Mississippi State 0
TOP OF THE 6TH
Vanderbilt Commodores batting - Pitching for Mississippi State Bulldogs : LHP Felipe Villarreal
Batting: RHB Steve Cook 0-0: Ball
1-0: Swinging Strike
1-1: Foul Ball, location: 2F
1-2: Ball
2-2: Ball
3-2: Strikes out swinging
Batting: RHB Dalton Norman 0-0: Ball
1-0: Ball
2-0: Ground out 6-3 (Groundball, 6)
Batting: RHB Jason Patrick 0-0: SINGLE (Line Drive, 4MD)
Batting: LHB Robbie Turner 0-0: Fly out, F4 (Line Drive, 4)
Top of the 6th over - 0 run(s), 1 hit(s), 0 error(s), 1 left on base; Vanderbilt 2 - Mississippi State 0
BOTTOM OF THE 6TH
Mississippi State Bulldogs batting - Pitching for Vanderbilt Commodores : LHP Donald Joseph
Batting: RHB Johnny Williams 0-0: Foul Ball, location: 2F
0-1: Swinging Strike
0-2: Foul Ball, location: 2F
0-2: Fly out, F7 (Line Drive, 78M)
Batting: RHB Eric Thompson 0-0: Called Strike
0-1: Swinging Strike
0-2: Ground out 6-3 (Groundball, 6)
Batting: RHB Larry Beauregard 0-0: Ball
1-0: Ball
2-0: Called Strike
2-1: SOLO HOME RUN (Flyball, 7D), Distance : 370 ft
Batting: RHB Cole Quintsey 0-0: Ball
1-0: Fly out, F5 (Popup, 5F)
Bottom of the 6th over - 1 run(s), 1 hit(s), 0 error(s), 0 left on base; Vanderbilt 2 - Mississippi State 1
TOP OF THE 7TH
Vanderbilt Commodores batting - Pitching for Mississippi State Bulldogs : LHP Felipe Villarreal
Pitching: RHP Rick Schneider
Batting: RHB Robert Warner 0-0: Called Strike
0-1: Swinging Strike
0-2: Strikes out looking
Batting: RHB Josh Webb 0-0: Ground out 5-3 (Groundball, 5S)
Batting: LHB Micah Brantley 0-0: Ball
1-0: Called Strike
1-1: Ball
2-1: Swinging Strike
2-2: Foul Ball, location: 2F
2-2: SINGLE (Groundball, 34D)
Batting: RHB Erik Carter 0-0: Called Strike
0-1: Ball
1-1: Ball
2-1: Ball
3-1: Base on Balls
Micah Brantley to second
Batting: RHB Christian Bauer 0-0: Ball
1-0: Ball
2-0: Ball
3-0: Called Strike
3-1: Base on Balls
Micah Brantley to third
Erik Carter to second
Pinch Hitting: RHB Denis Miller 0-0: Called Strike
0-1: Fly out, F9 (Flyball, 9M)
Top of the 7th over - 0 run(s), 1 hit(s), 0 error(s), 3 left on base; Vanderbilt 2 - Mississippi State 1
BOTTOM OF THE 7TH
Mississippi State Bulldogs batting - Pitching for Vanderbilt Commodores : LHP Donald Joseph
Pitching: RHP Luis Chapa
Now at 3B: Denis Miller
Batting: RHB Jeremy Davis 0-0: Called Strike
0-1: Ball
1-1: Foul Ball, location: 2F
1-2: Ball
2-2: Fly out, F3 (Popup, 3F)
Batting: RHB Woody Wright 0-0: Called Strike
0-1: Ball
1-1: Ball
2-1: Ball
3-1: Foul Ball, location: 2F
3-2: Base on Balls
Batting: SHB Alex Stewart 0-0: Ball
1-0: Ball
2-0: Ball
3-0: Called Strike
3-1: Called Strike
3-2: Foul Ball, location: 2F
3-2: Foul Ball, location: 2F
3-2: Base on Balls
Woody Wright to second
Batting: LHB Marvin Nichols 0-0: Called Strike
0-1: Ball
1-1: Foul Ball, location: 2F
1-2: Foul Ball, location: 2F
1-2: Ball
2-2: Strikes out looking
Batting: RHB Manuel Martínez 0-0: Ball
1-0: Ground out U3 (Groundball, 3L)
Bottom of the 7th over - 0 run(s), 0 hit(s), 0 error(s), 2 left on base; Vanderbilt 2 - Mississippi State 1
TOP OF THE 8TH
Vanderbilt Commodores batting - Pitching for Mississippi State Bulldogs : RHP Rick Schneider
Batting: RHB Dalton Norman 0-0: Swinging Strike
0-1: Ball
1-1: Called Strike
1-2: Strikes out swinging
Batting: RHB Jason Patrick 0-0: Ball
1-0: Foul Ball, location: 2F
1-1: SINGLE (Line Drive, 6M)
Batting: LHB Robbie Turner 0-0: Ball
1-0: Swinging Strike
1-1: Foul Ball, location: 2F
1-2: Foul Ball, location: 2F
1-2: Foul Ball, location: 2F
1-2: Foul Ball, location: 2F
1-2: Foul Ball, location: 2F
1-2: Ball
2-2: Foul Ball, location: 2F
2-2: Foul Ball, location: 2F
2-2: Foul Ball, location: 2F
2-2: Ball
3-2: Base on Balls
Jason Patrick to second
Pitching: RHP Chris Ervin
Batting: RHB Robert Warner 0-0: Ball
1-0: Grounds out, U3 (Groundball, 3L)
Jason Patrick to third
Batting: RHB Josh Webb 0-0: Foul Ball, location: 2F
0-1: Ball
1-1: Foul Ball, location: 2F
1-2: Foul Ball, location: 2F
1-2: Strikes out looking
Top of the 8th over - 0 run(s), 1 hit(s), 0 error(s), 2 left on base; Vanderbilt 2 - Mississippi State 1
BOTTOM OF THE 8TH
Mississippi State Bulldogs batting - Pitching for Vanderbilt Commodores : RHP Luis Chapa
Pitching: RHP Dwayne Allen
Batting: RHB Johnny Williams 0-0: Called Strike
0-1: Ball
1-1: Ball
2-1: Ball
3-1: Foul Ball, location: 2F
3-2: Base on Balls
Batting: RHB Eric Thompson 0-0: Ball
1-0: Ball
2-0: Ball
3-0: Base on Balls
Johnny Williams to second
Batting: RHB Larry Beauregard 0-0: Ball
1-0: Ball
2-0: Swinging Strike
2-1: Ball
3-1: Foul Ball, location: 2F
3-2: Foul Ball, location: 2F
3-2: SINGLE (Groundball, 6MD)
Johnny Williams to third
Eric Thompson to second
Runner from 3rd tries for Home, SAFE, no throw or cutoff
Batting: RHB Cole Quintsey 0-0: Ball
1-0: Ball
2-0: Called Strike
2-1: Called Strike
2-2: Foul Ball, location: 2F
2-2: Fly out, F8 (Flyball, 8LM)
Batting: RHB Jeremy Davis 0-0: Ball
1-0: Ball
2-0: SINGLE (Line Drive, 4MD)
Eric Thompson to third
Larry Beauregard to second
Runner from 3rd tries for Home, SAFE, no throw or cutoff
Batting: RHB Woody Wright 0-0: Called Strike
0-1: 3-RUN HOME RUN (Line Drive, 7LD), Distance : 344 ft
Pitching: RHP Javier Contreras
Batting: SHB Alex Stewart 0-0: Called Strike
0-1: Ball
1-1: Fly out, F6 (Popup, 6)
Batting: LHB Marvin Nichols 0-0: Reached on error, E6 (Groundball, 6)
Batting: RHB Manuel Martínez 0-0: Ball
1-0: Foul Ball, location: 2F
1-1: Ball
2-1: Called Strike
2-2: Foul Ball, location: 2F
2-2: Ball
3-2: Strikes out looking
Bottom of the 8th over - 5 run(s), 3 hit(s), 1 error(s), 1 left on base; Vanderbilt 2 - Mississippi State 6
TOP OF THE 9TH
Vanderbilt Commodores batting - Pitching for Mississippi State Bulldogs : RHP Chris Ervin
Batting: LHB Micah Brantley 0-0: Ground out U3 (Groundball, 3S)
Batting: RHB Erik Carter 0-0: Called Strike
0-1: Ground out 5-3 (Groundball, 6)
Batting: RHB Christian Bauer 0-0: Fly out, F3 (Popup, 23F)
Top of the 9th over - 0 run(s), 0 hit(s), 0 error(s), 0 left on base; Vanderbilt 2 - Mississippi State 6
This league is powered by Out of the Park Baseball, the baseball management simulation game for PC, Mac and Linux
Tuesday, August 2nd, 2016 - OOTP Baseball 16.8 Build 38